 Dungeon Sprint DCSS version 0.20-a0-40-gb6e7b4f (webtiles) character file.

637 esc the Thaumaturge (level 7, 0/45 HPs)
             Began as a Deep Elf Fire Elementalist on Nov 12, 2016.
             Was an Initiate of Vehumet.
             Slain by Sonja
             ... wielding a +0 short sword of distortion
              (3 damage)
             ... in the Dungeon (Sprint I: "Red Sonja").
             The game lasted 00:01:58 (661 turns).

esc the Thaumaturge (Deep Elf Fire Elementalist)     Turns: 661, Time: 00:01:59

Health: 0/45       AC:  2    Str:  5    XL:     7   Next: 25%
Magic:  22/22      EV: 18    Int: 22    God:    Vehumet [......]
Gold:   297        SH:  0    Dex: 15    Spells: 3 memorised, 15 levels left

rFire  . . .     SeeInvis .     k - +0 scythe
rCold  . . .     Gourm    .     l - +0 robe {MR+}
rNeg   . . .     Faith    .     (shield currently unavailable)
rPois  .         Spirit   .     (no helmet)
rElec  .         Reflect  .     (no cloak)
rCorr  .         Harm     .     (no gloves)
MR     +....     NoTele   +     (no boots)
Stlth  ++........               (no amulet)
                                (no ring)
                                (no ring)

@: lethally poisoned (0 -> -2), slowed, very slow
A: no striking features
a: Renounce Religion


You were in the Dungeon.
You worshipped Vehumet.
Vehumet was noncommittal.
You were not hungry.

You visited 1 branch You collected 297 gold pieces.

Inventory:

Hand Weapons
 k - a +0 scythe (weapon)
   (You took it off Sigmund in the Dungeon)
Armour
 l - a +0 robe of magic resistance (worn)
   (You took it off Sigmund in the Dungeon)
Scrolls
 a - a scroll of fog {unknown}
 i - a scroll of blinking {!r}
 m - a scroll of magic mapping {unknown}
Potions
 e - a potion of heal wounds
 f - a potion of haste
 g - 2 potions of magic
 h - a potion of berserk rage {!q}
 j - a potion of cancellation {unknown}
Books
 b - a book of Flames
Comestibles
 c - a bread ration {@e1}


   Skills:
 + Level 5.7 Fighting
 + Level 8.9 Dodging
 - Level 2.4 Stealth
 + Level 9.7 Spellcasting
 + Level 7.8 Conjurations
 + Level 8.4 Fire Magic


You had 15 spell levels left.
You knew the following spells:

 Your Spells              Type           Power        Failure   Level  Hunger
a - Flame Tongue          Conj/Fire      #####        1%          1    None
f - Fireball              Conj/Fire      #####.....   8%          5    ####...
s - Sticky Flame          Conj/Fire      #####...     1%          4    ##.....


Dungeon Overview and Level Annotations

Branches:
Dungeon (1/1)

Altars:
Cheibriados
Dithmenos
Elyvilon
Fedhas
Gozag
Hepliaklqana
Kikubaaqudgha
Makhleb
Nemelex Xobeh
Okawaru
Qazlal
Ru
Sif Muna
Trog
Uskayaw
Vehumet
Xom
Yredelemnul
Zin
The Shining One
Jiyva
Lugonu

Shops:
D %

Annotations:
D Sonja


Message History

There is an open door here.
The slime creature burns!
The slime creature burns!
You see here a +0 robe.
The slime creature burns!
The slime creature stops burning.
There is an open door here.
Aim: a slime creature (moderately wounded)
The sticky flame hits the slime creature.
The slime creature is covered in liquid flames!
The slime creature burns!
The slime creature hits you.
You take 2 damage, and have 20/40 hp.
You now have 8/20 mp.
The slime creature burns!
The slime creature burns!
The slime creature burns!
There is an open door here.
You see here a giant club.
The slime creature burns!
The slime creature burns!
The slime creature burns!
There is an open door, spattered with blood here.
The slime creature burns!
The slime creature jiggles.
The slime creature burns!
The slime creature burns!
The slime creature burns!
The slime creature stops burning.
Aim: a slime creature (almost dead)
The sticky flame hits the slime creature.
The slime creature is covered in liquid flames!
The slime creature burns!
You kill the slime creature!
Vehumet accepts your kill.
Your Fire Magic skill increases to level 8!
You have reached level 7!
You regained 3 hp, and now have 24/45 hp.
You now have 6/22 mp.
There is an open door here.
There is an open door here.
You see here a giant club.
There is an open door here.
You see here a +0 robe.
There is an open door here.
There is an open door here.
You start resting.
Health restored: 45; MP restored: 22 You open the door.
Sonja, the Graceful Assassin comes into view.
She is wielding a short sword of distortion.
Sonja shouts!
Sonja unwields an uncursed short sword of distortion.
Its appearance distorts for a moment.
Sonja wields an uncursed runed blowgun.
Sonja shoots a curare-tipped needle.
The curare-tipped needle hits you.
You are poisoned.
You have difficulty breathing.
You feel yourself slow down.
You take 7 damage, and have 38/45 hp.
Unknown command.
Unknown command.
Unknown command.
You close the door.
You feel very sick.
You take 3 damage, and have 35/45 hp.
Unknown command.
Unknown command.
You feel better.
Sonja opens the door.
Sonja shoots a curare-tipped needle.
The curare-tipped needle hits you.
You are poisoned.
You have difficulty breathing.
You feel as though you will be slow longer.
Unknown command.
Unknown command.
Unknown command.
Unknown command.
You feel sick.
Sonja unwields an uncursed enchanted blowgun.
Sonja wields an uncursed short sword of distortion.
Its appearance distorts for a moment.
Sonja hits you with an uncursed short sword of distortion.
Space warps horribly around you!
* * * LOW HITPOINT WARNING * * *
Sonja barely misses you.
Sonja hits you with an uncursed short sword of distortion.
* * * LOW HITPOINT WARNING * * *
Sonja mumbles some strange words.
Sonja blinks!
There is an open door here.
You take 32 damage, and have 3/45 hp.
MASSIVE DAMAGE!!
Unknown command.
Unknown command.
Unknown command.
Quiver which item? (- for none, * to show all) (? for menu, Esc to quit)
Okay, then.
You closely miss Sonja.
* * * LOW HITPOINT WARNING * * *
You feel sick. Sonja misses you.
Sonja hits you with an uncursed short sword of distortion.
You die...

#<.#..)..#..'..#__#
#..'..#..'[.#..'..+
#..#####'#####'#__#
#..####..#...#.# ##
#..#__####..##.#
#..#_____##'#..+
#⌠⌠#_.∩...'..._#
####_..__##K(#'#
#_____###@#[#
####### #§### $.$
#$.$# ##.## #+#


You could see Sonja.

Vanquished Creatures
  A slime creature (D)
  Sigmund (D)
  A yak (D)
  An ogre (D)
  A jelly (D)
  Ijyb (D)
6 creatures vanquished.

Vanquished Creatures (others)
  A gargoyle (D)
1 creature vanquished.

Grand Total: 7 creatures vanquished

Notes
Turn   | Place    | Note
-------+----------+-------------------------------------------
     0 | D        | esc the Deep Elf Fire Elementalist began the quest for the Orb.
     0 | D        | Reached XP level 1. HP: 10/10 MP: 6/6
     1 | D        | Noticed Ijyb
     6 | D        | Killed Ijyb
     6 | D        | Reached skill level 1 in Fighting
     6 | D        | Reached skill level 3 in Dodging
     6 | D        | Reached skill level 4 in Spellcasting
     6 | D        | Reached skill level 2 in Conjurations
     6 | D        | Reached skill level 4 in Fire Magic
     6 | D        | Reached XP level 2. HP: 13/17 MP: 1/9
    76 | D        | Noticed an ogre
    81 | D        | HP: 2/17 [ogre/giant club (14)]
    82 | D        | Killed an ogre
    82 | D        | Reached skill level 3 in Fighting
    82 | D        | Reached skill level 5 in Dodging
    82 | D        | Reached skill level 6 in Spellcasting
    82 | D        | Reached skill level 4 in Conjurations
    82 | D        | Reached skill level 5 in Fire Magic
    82 | D        | Reached XP level 3. HP: 3/23 MP: 3/12
    82 | D        | Reached XP level 4. HP: 4/28 MP: 3/14
    97 | D        | Learned a level 4 spell: Sticky Flame
   201 | D        | Killed a gargoyle
   345 | D        | Noticed Sigmund
   351 | D        | Killed Sigmund
   351 | D        | Reached skill level 4 in Fighting
   351 | D        | Reached skill level 7 in Dodging
   351 | D        | Reached skill level 7 in Spellcasting
   351 | D        | Reached skill level 6 in Conjurations
   351 | D        | Reached skill level 6 in Fire Magic
   351 | D        | Reached XP level 5. HP: 34/34 MP: 6/17
   351 | D        | Reached XP level 6. HP: 39/39 MP: 6/18
   423 | D        | Found a deep blue altar of Sif Muna.
   425 | D        | Found a radiant altar of Vehumet.
   427 | D        | Reached skill level 8 in Spellcasting
   427 | D        | Reached skill level 7 in Fire Magic
   453 | D        | Became a worshipper of Vehumet
   455 | D        | Found Jyn Dapn's Food Emporium.
   455 | D        | Found an ancient bone altar of Kikubaaqudgha.
   455 | D        | Found a hazy altar of Hepliaklqana.
   455 | D        | Found a stormy altar of Qazlal.
   455 | D        | Found a hide-covered altar of Uskayaw.
   455 | D        | Found a blossoming altar of Fedhas.
   455 | D        | Found a bloodstained altar of Trog.
   455 | D        | Found an iron altar of Okawaru.
   455 | D        | Found a basalt altar of Yredelemnul.
   455 | D        | Found a glowing golden altar of the Shining One.
   455 | D        | Found a snail-covered altar of Cheibriados.
   455 | D        | Found a sacrificial altar of Ru.
   455 | D        | Found a glowing silver altar of Zin.
   455 | D        | Found a shadowy altar of Dithmenos.
   455 | D        | Found a white marble altar of Elyvilon.
   455 | D        | Noticed a yak
   464 | D        | Killed a yak
   464 | D        | Reached skill level 5 in Fighting
   464 | D        | Reached skill level 8 in Dodging
   464 | D        | Reached skill level 9 in Spellcasting
   464 | D        | Reached skill level 7 in Conjurations
   471 | D        | Found an opulent altar of Gozag.
   472 | D        | Found a sparkling altar of Nemelex Xobeh.
   492 | D        | Found a burning altar of Makhleb.
   492 | D        | Found a viscous altar of Jiyva.
   492 | D        | Found a shimmering altar of Xom.
   492 | D        | Found a corrupted altar of Lugonu.
   492 | D        | Noticed a slime creature
   500 | D        | Learned a level 5 spell: Fireball
   519 | D        | Killed a slime creature
   519 | D        | Reached skill level 8 in Fire Magic
   519 | D        | Reached XP level 7. HP: 24/45 MP: 6/22
   657 | D        | Noticed Sonja
   660 | D        | HP: 8/45 [Sonja/uncursed short sword of distortion (22)]
   660 | D        | HP: 3/45 [Sonja/uncursed short sword of distortion (5)]
   661 | D        | Slain by Sonja

Vault maps used:
D:        dungeon_sprint_1

Skill      XL: |  1  2  3  4  5  6 |
---------------+-------------------+-----
Fighting       | 1 3 4 5 |  5.7
Dodging        | 3 5 7 8 |  8.9
Spellcasting   | 4 6 7 9 |  9.7
Conjurations   | 2 4 6 7 |  7.8
Fire Magic     | 4 5 6 8 |  8.4
Stealth        | |  2.4

Action                   |  1- 3 |  4- 6 |  7- 9 || total
-------------------------+-------+-------+-------++-------
Melee: Scythe            |       |     1 |     1 ||     2
 Cast: Flame Tongue      |     8 |     7 |       ||    15
       Sticky Flame      |       |     5 |       ||     5
       Fireball          |       |     1 |       ||     1
  Use: Potion            |       |       |     1 ||     1
Dodge: Dodged            |     1 |     4 |     2 ||     7

Vault maps used:
D:        dungeon_sprint_1

Table legend:
 A = Turns spent in this place as a percentage of turns spent in the entire game.
 B = Non-inter-level travel turns spent in this place as a percentage of non-inter-level travel turns spent in the entire game.
 C = Inter-level travel turns spent in this place as a percentage of turns spent in this place.
 D = Turns resting spent in this place as a percentage of non-inter-level travel turns spent in this place.
 E = Turns spent auto-exploring this place as a percentage of non-inter-level travel turns spent in this place.
 F = Non-inter-level travel turns spent in this place divided by the number of levels of this place that you've seen.
                   A       B       C       D       E      F
               +-------+-------+-------+-------+-------+----------------------
         Total | 100.0 | 100.0 |   0.0 |   6.1 |   0.0 | 179.0
       Dungeon | 100.0 | 100.0 |   0.0 |   6.1 |   0.0 | 179.0
               +-------+-------+-------+-------+-------+----------------------

Table legend:
 A = Kills in this place as a percentage of kills in entire the game.
 B = Kills by you in this place as a percentage of kills by you in the entire game.
 C = Kills by friends in this place as a percentage of kills by friends in the entire game.
 D = Other kills in this place as a percentage of other kills in the entire game.
 E = Experience gained in this place as a percentage of experience gained in the entire game.
 F = Experience gained in this place divided by the number of levels of this place that you have seen.
                   A       B       C       D       E      F
               +-------+-------+-------+-------+-------+----------------------
         Total | 100.0 | 100.0 |  -nan |  -nan | 100.0 | 910.0
       Dungeon | 100.0 | 100.0 |  -nan |  -nan | 100.0 | 910.0
               +-------+-------+-------+-------+-------+----------------------
